 Dungeon Crawl Stone Soup version 0.31-a0-675-g238779eb0a (webtiles) character file.

Game seed: 11484439945229320815

50 qw the Shooter (level 3, 0/22 HPs)
             Began as a Gargoyle Hunter on Sept 5, 2023.
             Slain by Sigmund
             ... wielding a +0 scythe
              (5 damage)
             ... on level 2 of the Dungeon.
             The game lasted 00:00:23 (714 turns).

qw the Shooter (Gargoyle Hunter)                     Turns: 714, Time: 00:00:23

Health: 0/22       AC:  9    Str: 14    XL:     3   Next: 79%
Magic:  3/3        EV: 10    Int:  9    God:
Gold:   50         SH:  0    Dex: 15    Spells: 2/2 levels left

rFire   . . .        Y - +1 shortbow
rCold   . . .        (shield currently unavailable)
rNeg    + . .        g - +0 ring mail
rPois   inf          (no helmet)
rElec   +            (no cloak)
rCorr   .            d - +0 pair of gloves
SInv    .            (no boots)
Will    .....        (no amulet)
Stlth   +            (no ring)
HPRegen 0.23/turn    (no ring)
MPRegen 0.08/turn

%: no passive effects
@: no status effects
A: sickness immunity, AC +3, negative energy resistance 1, electricity
resistance, torment resistance 1, petrification resistance
a: no special abilities


You were on level 2 of the Dungeon.
You visited 1 branch of the dungeon, and saw 2 of its levels.

You collected 50 gold pieces.


Innate Abilities, Weirdness & Mutations

You are immune to sickness and miasma.
Your stone body is resilient. (AC +3)
You are immune to poison.
You resist negative energy. (rN+)
You are resistant to electric shocks. (rElec)
You are resistant to unholy torment.
You are immune to petrification.


   Skills:
 + Level 2.5 Fighting
 - Level 5.0 Ranged Weapons
 - Level 1.0 Armour
 - Level 1.5 Dodging
 - Level 1.1 Stealth


You had 2 spell levels left.
You didn't know any spells.
Your spell library was empty.

Inventory:

Hand Weapons
 Y - a +1 shortbow (weapon)
Armour
 a - a +0 helmet
 d - a +0 pair of gloves (worn)
 g - a +0 ring mail (worn)
Potions
 b - a potion of invisibility {unknown}
 h - a potion of curing {unknown}

Dungeon Overview and Level Annotations

Branches:
Dungeon (2/15)

Altars:

Annotations:
D:2 Sigmund


Message History

Sigmund and an endoplasm come into view.
Sigmund shouts!
The endoplasm quivers.
You shoot an arrow. The arrow closely misses Sigmund.
Sigmund points at you and mumbles some strange words.
The magic dart hits you.
You shoot an arrow. The arrow hits the endoplasm!
You kill the endoplasm!
You shoot an arrow. The arrow hits Sigmund.
Sigmund is lightly wounded.
You shoot an arrow. The arrow hits Sigmund.
Sigmund is lightly wounded.
Sigmund mumbles some strange words.
Sigmund flickers and vanishes!
Deactivating autopickup; reactivate with Ctrl-A.
You shoot an arrow. You shoot an arrow. Something hits you!
You shoot an arrow. Something hits you.
You shoot an arrow.
A goblin comes into view. It is wielding a +0 dagger.
Something hits you.
705 ||| FLEEEEING.
706 ||| FLEEEEING.
707 ||| FLEEEEING.
708 ||| STILL FLEEEEING.
You are confused.
You shoot an arrow. You shoot an arrow. Something hits you but does no damage.
You shoot an arrow. Something hits you.
The goblin shouts!
You hear some strange, mumbled words.
Something tries to affect you, but you resist.
You shoot an arrow.
You feel less confused. Something hits you.
You die...

#.##..........
####..#........#
#..............#
#....!.........#
#..............#
#####.#........#
#.#........#
#.#........#
##.@..#######
#...#.# #...#>#
#...#.# #.....#
#..%####### #
#.........# #
#########.# #
#.#### #


There were no monsters in sight!

Vanquished Creatures
  Robin (D:2)
  A dart slug (D:1)
  3 ball pythons
  A bat (D:1)
  2 endoplasms (D:2)
  2 giant cockroaches (D:1)
  10 goblins
  5 hobgoblins
  2 jackals (D:1)
  A frilled lizard (D:1)
  A kobold (D:1)
  A rat (D:1)
30 creatures vanquished.

Notes
Turn   | Place    | Note
-------+----------+-------------------------------------------
     0 | D:1      | qw the Gargoyle Hunter began the quest for the Orb.
     0 | D:1      | Reached XP level 1. HP: 12/12 MP: 1/1
     0 | D:1      | 0 ||| qw: Version: 0.3-a-75-g829b12e
     0 | D:1      | 0 ||| qw: Game counter: 161
     0 | D:1      | 0 ||| qw: Melee chars always use a shield: true
     0 | D:1      | 0 ||| qw: God list: Okawaru
     0 | D:1      | 0 ||| qw: Allow faded altars: false
     0 | D:1      | 0 ||| qw: Do Orc after clearing Dungeon:15 true
     0 | D:1      | 0 ||| qw: Do second Lair branch before Depths: true
     0 | D:1      | 0 ||| qw: Lair rune preference: random
     0 | D:1      | 0 ||| qw: Goals: Normal
     0 | D:1      | 0 ||| PLANNING D:1-11
   103 | D:1      | Reached XP level 2. HP: 6/17 MP: 2/2
   511 | D:1      | 511 ||| UPGRADING to +0 pair of gloves.
   516 | D:1      | 516 ||| UPGRADING to +0 ring mail.
   526 | D:1      | 526 ||| DROPPING +0 leather armour.
   527 | D:1      | 527 ||| READING scroll labelled IMNIEKLEARPH.
   528 | D:1      | 528 ||| READING scroll labelled MUKUOM ZUMODAPP.
   531 | D:1      | 531 ||| READING scroll labelled ZANO TAUCREON.
   532 | D:1      | 532 ||| DRINKING 2 red potions.
   533 | D:1      | 533 ||| DRINKING 2 green potions.
   540 | D:1      | 540 ||| DROPPING scroll of butterflies.
   541 | D:1      | 541 ||| DROPPING potion of magic.
   542 | D:1      | 542 ||| DROPPING potion of ambrosia.
   601 | D:2      | Noticed Robin
   602 | D:2      | 602 ||| Stepping ~*~*~tactically~*~*~ (retreating).
   604 | D:2      | Reached XP level 3. HP: 21/21 MP: 3/3
   613 | D:2      | Reached skill level 1 in Armour
   619 | D:2      | Killed Robin
   620 | D:2      | Reached skill level 5 in Ranged Weapons
   696 | D:2      | Noticed Sigmund
   704 | D:2      | HP: 3/22 [something (4)]
   705 | D:2      | 705 ||| FLEEEEING.
   706 | D:2      | 706 ||| FLEEEEING.
   707 | D:2      | 707 ||| FLEEEEING.
   711 | D:2      | HP: 4/22 [something (1)]
   714 | D:2      | Slain by Sigmund

Levels and vault maps discovered:
D:1:      minmay_arrival_radiant_lines, layout_rooms
D:2:      layout_basic, serial_shops, nicolae_book_shop_shelving, serial_bayou,
          serial_bayou_ford_a, serial_bayou_pond_c, serial_bayou_lagoon_b,
          serial_bayou_pond_e, uniq_robin, uniq_sigmund

Skill      XL: |  1  2  3 |
---------------+----------+-----
Armour         | 1 |  1.0
Ranged Weapons | 5 |  5.0
Fighting       | |  2.5
Dodging        | |  1.5
Stealth        | |  1.1

Action                     || total
---------------------------++-------
   Fire: Shortbow          ||    85
    Use: Scroll            ||     3
         Potion            ||     2
 Armour: Leather armour    ||     5
         Ring mail         ||    23
  Dodge: Dodged            ||    28

Table legend:
 A = Non-vault XP
 B = Vault XP
 C = Vault XP percentage of total XP
 D = Non-vault monster count
 E = Vault monster count
 F = Vault count percentage of total count
                 A         B        C        D         E       F
            +---------+---------+-------+---------+---------+-------
      Total |      38 |      34 |  47.2 |      20 |      10 |  33.3
            +---------+---------+-------+---------+---------+-------
        D:1 |      32 |       0 |   0.0 |      17 |       0 |   0.0
        D:2 |       6 |      34 |  85.0 |       3 |      10 |  76.9
            +---------+---------+-------+---------+---------+-------
